[Event "11th LCC Super Blitz KO 2019"]
[Site "London"]
[Date "2019.12.08"]
[Round "2.2"]
[White "Grover, Sahaj"]
[Black "Gharamian, Tigran"]
[Result "0-1"]
[ECO "B17"]
[WhiteElo "2508"]
[BlackElo "2603"]
[Annotator "ChessBase"]
[PlyCount "184"]
[EventDate "2019.12.08"]
[EventType "k.o."]
[EventCountry "ENG"]
[SourceTitle "playchess.com"]
[Source "ChessBase"]
[SourceQuality "1"]
[TimeControl "180+2"]

1. e4 c6 2. d4 d5 3. Nd2 dxe4 4. Nxe4 Nd7 5. Nf3 Ngf6 6. Nxf6+ Nxf6 7. Bc4 Bf5 8. O-O e6 9. a4 a5 10. c3 Bd6 11. Bg5 O-O 12. Re1 Be7 13. h3 h6 14. Bf4 Nd5 15. Bh2 Qb6 16. Qe2 Rfe8 17. Ne5 Bf6 18. Nd7 Qd8 19. Nc5 Qb6 20. Ra3 Qa7 21. Rb3 b6 22. Nd3 Rad8 23. Ne5 Bxe5 24. Bxe5 Bg6 25. Qg4 Kh7 26. Bd3 Ne7 27. h4 f6 28. Bxg6+ Nxg6 29. Bg3 f5 30. Qf3 f4 31. Bh2 Rd5 32. h5 Nh4 33. Qg4 Qe7 34. Bxf4 b5 35. axb5 cxb5 36. Re5 Rxe5 37. Bxe5 b4 38. cxb4 axb4 39. Rg3 Nf5 40. Qg6+ Kg8 41. Rf3 Nh4 42. Qg4 Nxf3+ 43. Qxf3 Qf7 44. Qg4 b3 45. f3 Rd8 46. Kh2 Rd7 47. Kg3 Ra7 48. Kh4 Rd7 49. Qe4 Qf5 50. Qa8+ Kh7 51. g4 Qf7 52. Qe4+ Kg8 53. Qa8+ Qf8 54. Qc6 Qe7+ 55. Kg3 Ra7 56. Qc8+ Kh7 57. Qc6 Qf7 58. Qe4+ Kg8 59. Qc6 Rd7 60. Qa8+ Qf8 61. Qc6 Qe8 62. Qb5 Qf7 63. Qb8+ Kh7 64. Qxb3 Rd8 65. Qd3+ Kg8 66. b4 Qb7 67. Qg6 Qd7 68. b5 Rf8 69. b6 Rf7 70. Qe4 Re7 71. Qa8+ Kh7 72. Qe4+ Kg8 73. Qc2 Qb7 74. Qc5 Rf7 75. f4 Qh1 76. Qc8+ Kh7 77. Qc2+ Kg8 78. Qc8+ Kh7 79. Qc2+ Kg8 80. Qg2 Qe1+ 81. Qf2 Qc3+ 82. Qf3 Qe1+ 83. Kh3 Qb1 84. Bc7 Qc2 85. Qa8+ Kh7 86. Qf3 Kg8 87. Bd6 Qb1 88. Bc5 Kh7 89. Qc6 Qf1+ 90. Qg2 Qxf4 91. Qc2+ Kg8 92. Qd3 Qf2 0-1

[Event "11th LCC Super Blitz KO 2019"]
[Site "London"]
[Date "2019.12.08"]
[Round "2.2"]
[White "Gormally, Daniel W"]
[Black "Turner, Matthew J"]
[Result "1-0"]
[ECO "D15"]
[WhiteElo "2497"]
[BlackElo "2519"]
[Annotator "ChessBase"]
[PlyCount "47"]
[EventDate "2019.12.08"]
[EventType "k.o."]
[EventCountry "ENG"]
[SourceTitle "playchess.com"]
[Source "ChessBase"]
[SourceQuality "1"]
[TimeControl "180+2"]

1. d4 d5 2. c4 c6 3. Nf3 Nf6 4. Nc3 dxc4 5. e4 Bg4 6. Bxc4 e6 7. O-O Bxf3 8. gxf3 Nbd7 9. Be3 Be7 10. Kh1 O-O 11. f4 c5 12. e5 Nd5 13. Nxd5 exd5 14. Bxd5 Nb6 15. Be4 Nd5 16. Qf3 Nxe3 17. fxe3 cxd4 18. Rad1 d3 19. Rxd3 Qa5 20. Rd7 Bc5 21. e6 Qxa2 22. exf7+ Kh8 23. Qh5 Qxb2 24. Qxh7# 1-0

[Event "11th LCC Super Blitz KO 2019"]
[Site "London"]
[Date "2019.12.08"]
[Round "2.2"]
[White "Harvey, Marcus R"]
[Black "Rendle, Thomas E"]
[Result "0-1"]
[ECO "C01"]
[WhiteElo "2412"]
[BlackElo "2361"]
[Annotator "NA"]
[PlyCount "134"]
[EventDate "2019.12.08"]
[EventType "k.o."]
[EventCountry "ENG"]
[SourceTitle "playchess.com"]
[Source "ChessBase"]
[SourceQuality "1"]
[TimeControl "180+2"]

1. e4 e6 2. d4 d5 3. exd5 exd5 4. Bd3 Bd6 5. Nf3 Ne7 6. O-O O-O 7. h3 Bf5 8. Bxf5 Nxf5 9. Qd3 Qd7 10. Nc3 c6 11. Ne2 Na6 12. c3 Rae8 13. Bf4 Bxf4 14. Nxf4 Re4 15. Ne2 f6 16. Nd2 Re7 17. Nf4 Rfe8 18. Qf3 Nc7 19. Nb3 b6 20. Nd3 Re4 21. Rae1 Nb5 22. Nd2 Nbd6 23. Qd1 R4e7 24. Rxe7 Rxe7 25. Re1 Ne4 26. Nxe4 dxe4 27. Nb4 a5 28. Nc2 Qd5 29. Qb1 Nd6 30. Ne3 Qg5 31. b4 a4 32. c4 f5 33. c5 bxc5 34. bxc5 Nb5 35. d5 f4 36. d6 Rf7 37. Ng4 h5 38. Qxe4 hxg4 39. Qxc6 gxh3 40. Re8+ Kh7 41. Qe4+ g6 42. Qf3 hxg2 43. Qxg2 Qxc5 44. Qh1+ Qh5 45. Qa8 Qg4+ 46. Kf1 Qd1+ 47. Kg2 f3+ 48. Kh2 Qxd6+ 49. Kg1 Qd1+ 50. Kh2 Qd6+ 51. Kg1 Qf6 52. Qc8 Qg5+ 53. Kf1 Qg2+ 54. Ke1 Qg1+ 55. Kd2 Qxf2+ 56. Kd3 Qd4+ 57. Kc2 Qf2+ 58. Kd3 Qd4+ 59. Kc2 Na3+ 60. Kc1 Qg1+ 61. Kd2 Qf2+ 62. Kd3 Qf1+ 63. Kd4 Qd1+ 64. Ke5 Qe2+ 65. Kd6 Qd3+ 66. Ke6 Qf5+ 67. Kd6 Qxc8 0-1

[Event "11th LCC Super Blitz KO 2019"]
[Site "London"]
[Date "2019.12.08"]
[Round "2.2"]
[White "Beinoras, Mindaugas"]
[Black "Wallace, John Paul"]
[Result "1-0"]
[ECO "A46"]
[WhiteElo "2350"]
[BlackElo "2344"]
[Annotator "NA"]
[PlyCount "93"]
[EventDate "2019.12.08"]
[EventType "k.o."]
[EventCountry "ENG"]
[SourceTitle "playchess.com"]
[Source "ChessBase"]
[SourceQuality "1"]
[TimeControl "180+2"]

1. d4 Nf6 2. Bg5 e6 3. e3 h6 4. Bh4 d6 5. Nf3 g5 6. Bg3 Ne4 7. Bd3 Nxg3 8. hxg3 Bg7 9. c3 Nd7 10. e4 b6 11. Nbd2 Bb7 12. Qe2 Qe7 13. a4 a6 14. Nc4 O-O 15. e5 f5 16. exf6 Nxf6 17. Ncd2 c5 18. O-O Qd7 19. Rfe1 Rfe8 20. Ne4 Nd5 21. dxc5 bxc5 22. a5 Qc6 23. Rad1 Rad8 24. Ned2 Nc7 25. Be4 d5 26. Bg6 e5 27. Bxe8 Rxe8 28. c4 e4 29. Nh2 d4 30. f3 d3 31. Qf1 e3 32. Qxd3 exd2 33. Qxd2 Bd4+ 34. Kh1 Rf8 35. Qd3 Qf6 36. b3 h5 37. Re2 Ne6 38. Rde1 Ng7 39. Re7 Rf7 40. Rxf7 Qxf7 41. Qe2 g4 42. Qe7 gxf3 43. Qxf7+ Kxf7 44. Nxf3 Bc3 45. Rd1 Bxf3 46. gxf3 Nf5 47. Rd5 1-0

[Event "11th LCC Super Blitz KO 2019"]
[Site "London"]
[Date "2019.12.08"]
[Round "2.3"]
[White "McShane, Luke J"]
[Black "Speelman, Jon S"]
[Result "1-0"]
[ECO "B11"]
[WhiteElo "2677"]
[BlackElo "2509"]
[Annotator "ChessBase"]
[PlyCount "65"]
[EventDate "2019.12.08"]
[EventType "k.o."]
[EventCountry "ENG"]
[SourceTitle "playchess.com"]
[Source "ChessBase"]
[SourceQuality "1"]
[TimeControl "180+2"]

1. e4 c6 2. Nf3 d5 3. Nc3 Bg4 4. h3 Bxf3 5. Qxf3 e6 6. g3 Nd7 7. Bg2 Ngf6 8. d3 g6 9. O-O Bg7 10. Qe2 O-O 11. Nb1 a5 12. a4 Qc7 13. Nd2 b5 14. Nf3 bxa4 15. e5 Ne8 16. Re1 Nb6 17. h4 h6 18. h5 c5 19. Bh3 Qe7 20. hxg6 fxg6 21. Nh4 Qf7 22. f4 Nc7 23. Qg4 Kh7 24. Bg2 Rad8 25. Be3 h5 26. Qh3 Qe7 27. g4 d4 28. Nxg6 Qf7 29. Qxh5+ Kg8 30. Be4 Rfe8 31. Kg2 dxe3 32. Rh1 Bxe5 33. Qxe5 1-0

[Event "11th LCC Super Blitz KO 2019"]
[Site "London"]
[Date "2019.12.08"]
[Round "2.3"]
[White "Turner, Matthew J"]
[Black "Gormally, Daniel W"]
[Result "0-1"]
[ECO "B08"]
[WhiteElo "2519"]
[BlackElo "2497"]
[Annotator "ChessBase"]
[PlyCount "54"]
[EventDate "2019.12.08"]
[EventType "k.o."]
[EventCountry "ENG"]
[SourceTitle "playchess.com"]
[Source "ChessBase"]
[SourceQuality "1"]
[TimeControl "180+2"]

1. d4 Nf6 2. Nf3 g6 3. Nc3 Bg7 4. e4 d6 5. Bc4 O-O 6. O-O Nxe4 7. Bxf7+ Rxf7 8. Nxe4 h6 9. h3 e6 10. c3 Nc6 11. Qb3 Kh8 12. Bd2 Rxf3 13. gxf3 Qh4 14. Ng3 Qxh3 15. Rae1 b6 16. d5 Ne5 17. c4 exd5 18. cxd5 Ba6 19. Re3 Bc4 20. Qd1 Rf8 21. Rfe1 Bxd5 22. Qe2 Bc4 23. Rxe5 Bxe2 24. R5xe2 Rxf3 25. Re8+ Kh7 26. R8e3 Rxe3 27. Rxe3 Be5 0-1

[Event "11th LCC Super Blitz KO 2019"]
[Site "London"]
[Date "2019.12.08"]
[Round "2.3"]
[White "Harvey, Marcus R"]
[Black "Rendle, Thomas E"]
[Result "1-0"]
[ECO "C40"]
[WhiteElo "2412"]
[BlackElo "2361"]
[Annotator "NA"]
[PlyCount "109"]
[EventDate "2019.12.08"]
[EventType "k.o."]
[EventCountry "ENG"]
[SourceTitle "playchess.com"]
[Source "ChessBase"]
[SourceQuality "1"]
[TimeControl "180+2"]

1. Nf3 f5 2. d3 Nc6 3. e4 e5 4. Nc3 Nf6 5. h3 Bb4 6. exf5 d5 7. g4 O-O 8. a3 Bxc3+ 9. bxc3 e4 10. Nd4 Ne5 11. Bf4 Qe7 12. Be2 c5 13. Ne6 Nf3+ 14. Bxf3 exf3 15. Kd2 Bxe6 16. Re1 Ne4+ 17. dxe4 dxe4 18. Kc1 Rad8 19. Bd2 Bc4 20. Qxf3 Rxd2 21. Qxe4 Qxe4 22. Rxe4 Rxf2 23. Rxc4 Rd8 24. Kb2 Rdd2 25. Rc1 b6 26. Re4 Kf7 27. a4 Rh2 28. Re3 Rhe2 29. Rxe2 Rxe2 30. Rd1 Ke7 31. Rd3 Rh2 32. Kb3 h6 33. Re3+ Kd7 34. Re6 Rxh3 35. Rg6 Rg3 36. Rxg7+ Kc6 37. Kc4 Rg2 38. Rg6+ Kc7 39. Kb5 Rxc2 40. Rxh6 Rxc3 41. g5 Rb3+ 42. Kc4 Rf3 43. f6 Kd6 44. Rh8 Rf4+ 45. Kc3 Ke6 46. g6 Rf3+ 47. Kc4 Rf4+ 48. Kb5 Kd6 49. g7 Rb4+ 50. Ka6 Kc7 51. Rc8+ Kxc8 52. g8=Q+ Kc7 53. Qf7+ Kc6 54. Qe8+ Kc7 55. f7 1-0

[Event "11th LCC Super Blitz KO 2019"]
[Site "London"]
[Date "2019.12.08"]
[Round "3.1"]
[White "Howell, David W L"]
[Black "Harvey, Marcus R"]
[Result "1/2-1/2"]
[ECO "A30"]
[WhiteElo "2676"]
[BlackElo "2412"]
[Annotator "ChessBase"]
[PlyCount "92"]
[EventDate "2019.12.08"]
[EventType "k.o."]
[EventCountry "ENG"]
[SourceTitle "playchess.com"]
[Source "ChessBase"]
[SourceQuality "1"]
[TimeControl "180+2"]

1. Nf3 Nf6 2. c4 b6 3. g3 Bb7 4. Bg2 e6 5. O-O c5 6. Nc3 Be7 7. d4 cxd4 8. Qxd4 O-O 9. Rd1 Nc6 10. Qf4 Qb8 11. b3 Rd8 12. Qxb8 Raxb8 13. Bf4 Rbc8 14. Nb5 d5 15. Ne5 Nxe5 16. Bxe5 a6 17. Nc3 Nd7 18. Bd4 e5 19. Be3 Bc5 20. Bxc5 Nxc5 21. Bxd5 Kf8 22. Kf1 Bxd5 23. Rxd5 Rxd5 24. Nxd5 Rb8 25. Ke1 Ne6 26. Rd1 b5 27. Rc1 Rc8 28. Nb4 a5 29. Nd3 bxc4 30. Rxc4 Rxc4 31. bxc4 f6 32. Kd2 Ke7 33. h4 h5 34. Kc3 Kd6 35. e3 g5 36. f3 gxh4 37. gxh4 Ng7 38. Ne1 Nf5 39. Ng2 Kc5 40. Kd3 Nd6 41. f4 e4+ 42. Kc3 Nxc4 43. f5 a4 44. Nf4 Nxe3 45. Nxh5 Nxf5 46. Nxf6 Nxh4 1/2-1/2

[Event "11th LCC Super Blitz KO 2019"]
[Site "London"]
[Date "2019.12.08"]
[Round "3.1"]
[White "Gharamian, Tigran"]
[Black "McShane, Luke J"]
[Result "1-0"]
[ECO "C54"]
[WhiteElo "2603"]
[BlackElo "2677"]
[Annotator "ChessBase"]
[PlyCount "69"]
[EventDate "2019.12.08"]
[EventType "k.o."]
[EventCountry "ENG"]
[SourceTitle "playchess.com"]
[Source "ChessBase"]
[SourceQuality "1"]
[TimeControl "180+2"]

1. e4 e5 2. Nf3 Nc6 3. Bc4 Bc5 4. c3 Nf6 5. d3 a6 6. O-O d6 7. a4 Ba7 8. Re1 h6 9. Be3 Bxe3 10. Rxe3 O-O 11. h3 Ne7 12. d4 exd4 13. Nxd4 d5 14. exd5 Nexd5 15. Re1 Qd6 16. Nd2 Bd7 17. Qf3 Rfe8 18. Ne4 Nxe4 19. Rxe4 Rxe4 20. Qxe4 Nb6 21. Bb3 Rb8 22. a5 Nc8 23. Re1 Qf6 24. Qd5 Nd6 25. Qc5 Rc8 26. Re3 Qg5 27. Qxg5 hxg5 28. Nf3 Rb8 29. Nxg5 b6 30. Re7 Be8 31. Rxc7 bxa5 32. Bd5 Rxb2 33. Ra7 Rb5 34. c4 Nxc4 35. Bxf7+ 1-0

[Event "11th LCC Super Blitz KO 2019"]
[Site "London"]
[Date "2019.12.08"]
[Round "3.1"]
[White "Moussard, Jules"]
[Black "Beinoras, Mindaugas"]
[Result "1-0"]
[ECO "C76"]
[WhiteElo "2598"]
[BlackElo "2350"]
[Annotator "ChessBase"]
[PlyCount "67"]
[EventDate "2019.12.08"]
[EventType "k.o."]
[EventCountry "ENG"]
[SourceTitle "playchess.com"]
[Source "ChessBase"]
[SourceQuality "1"]
[TimeControl "180+2"]

1. e4 e5 2. Nf3 Nc6 3. Bb5 a6 4. Ba4 d6 5. O-O Bd7 6. c3 g6 7. d4 Bg7 8. d5 Nb8 9. c4 Nf6 10. Nc3 O-O 11. Bxd7 Nbxd7 12. Qc2 h6 13. Ne1 Nh5 14. Nd3 f5 15. f3 Nf4 16. Bxf4 exf4 17. Nxf4 Qf6 18. Ne6 Rfc8 19. exf5 Qxf5 20. Ne4 Be5 21. Rad1 c6 22. Qb3 Rab8 23. g4 Qf7 24. f4 cxd5 25. cxd5 Bh8 26. Nxd6 Qe7 27. Nxc8 Rxc8 28. d6 Qf7 29. f5 g5 30. Rfe1 b5 31. Nc7 Ne5 32. Rxe5 Bxe5 33. Qxf7+ Kxf7 34. d7 1-0

[Event "11th LCC Super Blitz KO 2019"]
[Site "London"]
[Date "2019.12.08"]
[Round "3.1"]
[White "Gormally, Daniel W"]
[Black "Jones, Gawain C B"]
[Result "1/2-1/2"]
[ECO "D78"]
[WhiteElo "2497"]
[BlackElo "2683"]
[Annotator "ChessBase"]
[PlyCount "105"]
[EventDate "2019.12.08"]
[EventType "k.o."]
[EventCountry "ENG"]
[SourceTitle "playchess.com"]
[Source "ChessBase"]
[SourceQuality "1"]
[TimeControl "180+2"]

1. d4 Nf6 2. Nf3 g6 3. c4 Bg7 4. g3 O-O 5. Bg2 c6 6. O-O d5 7. b3 c5 8. cxd5 cxd4 9. Nxd4 Nxd5 10. Bb2 e5 11. Nb5 Be6 12. N1c3 Nxc3 13. Nxc3 Nc6 14. Nd5 Nd4 15. Bxd4 Bxd5 16. Bc5 Bxg2 17. Kxg2 Re8 18. Qxd8 Rexd8 19. Rfd1 b6 20. Be3 Kf8 21. g4 f5 22. gxf5 gxf5 23. Bg5 Rxd1 24. Rxd1 Ke8 25. Rd6 Rc8 26. Re6+ Kf8 27. e3 Rc2 28. Rd6 Rxa2 29. Rd7 h6 30. Bh4 f4 31. exf4 exf4 32. Kf3 a5 33. Rb7 Bd4 34. Ke4 Bc5 35. Kf5 Ke8 36. Kg6 Rb2 37. Bf6 Rxf2 38. Kf5 Re2 39. Kxf4 Rxh2 40. Kf5 Re2 41. Be5 h5 42. Ke6 Rxe5+ 43. Kxe5 h4 44. Rh7 Bf2 45. Ke4 Kd8 46. Kf3 Bg3 47. Ke4 b5 48. Kd5 a4 49. bxa4 bxa4 50. Kc4 Ke8 51. Kb4 Kf8 52. Kxa4 Kg8 53. Rxh4 1/2-1/2

[Event "11th LCC Super Blitz KO 2019"]
[Site "London"]
[Date "2019.12.08"]
[Round "3.2"]
[White "McShane, Luke J"]
[Black "Gharamian, Tigran"]
[Result "1/2-1/2"]
[ECO "B11"]
[WhiteElo "2677"]
[BlackElo "2603"]
[Annotator "ChessBase"]
[PlyCount "135"]
[EventDate "2019.12.08"]
[EventType "k.o."]
[EventCountry "ENG"]
[SourceTitle "playchess.com"]
[Source "ChessBase"]
[SourceQuality "1"]
[TimeControl "180+2"]

1. e4 c6 2. Nf3 d5 3. Nc3 dxe4 4. Nxe4 Nf6 5. Qe2 Nxe4 6. Qxe4 Be6 7. b3 Nd7 8. Bb2 Nf6 9. Qe3 Qa5 10. Ng5 Bf5 11. Bc4 e6 12. O-O Be7 13. Rfe1 O-O 14. Nf3 Nd5 15. Bxd5 Qxd5 16. d3 Rfe8 17. h3 Bg6 18. Qd2 f6 19. Nh4 Rad8 20. f4 Bc5+ 21. Kh1 Bd4 22. Bxd4 Qxd4 23. Rad1 e5 24. Nxg6 hxg6 25. fxe5 Rxe5 26. Rxe5 Qxe5 27. Re1 Qd6 28. Qa5 a6 29. Qb6 Qd7 30. Qb4 Re8 31. Rf1 Qe7 32. Qg4 g5 33. Qc4+ Qf7 34. Qg4 Qe7 35. Qg3 Qe5 36. Qf2 Qe2 37. Kh2 Qxf2 38. Rxf2 Kf7 39. a4 Re3 40. Rd2 Ke6 41. Kg1 Kd5 42. Kf2 Re7 43. c3 b5 44. Ra2 b4 45. cxb4 Rb7 46. Rc2 Rxb4 47. Rc3 c5 48. Ke3 g4 49. h4 g3 50. Rc4 Rxb3 51. Rg4 Ra3 52. h5 Ke6 53. Rxg3 Kf7 54. Rg4 f5 55. Rc4 Ke6 56. g3 Kd5 57. Rf4 Ke5 58. g4 Rxd3+ 59. Kxd3 Kxf4 60. gxf5 Kxf5 61. Kc4 Kg5 62. Kxc5 Kxh5 63. Kb6 g5 64. Kxa6 g4 65. a5 g3 66. Kb7 g2 67. a6 g1=Q 68. a7 1/2-1/2

[Event "11th LCC Super Blitz KO 2019"]
[Site "London"]
[Date "2019.12.08"]
[Round "3.2"]
[White "Harvey, Marcus R"]
[Black "Howell, David W L"]
[Result "1-0"]
[ECO "A30"]
[WhiteElo "2412"]
[BlackElo "2676"]
[Annotator "ChessBase"]
[PlyCount "121"]
[EventDate "2019.12.08"]
[EventType "k.o."]
[EventCountry "ENG"]
[SourceTitle "playchess.com"]
[Source "ChessBase"]
[SourceQuality "1"]
[TimeControl "180+2"]

1. Nf3 g6 2. b3 Bg7 3. d4 Nf6 4. Bb2 O-O 5. e3 b6 6. Be2 Bb7 7. O-O c5 8. c4 cxd4 9. Nxd4 Nc6 10. Bf3 Qc8 11. Nc3 Nxd4 12. Bxb7 Qxb7 13. Qxd4 Ne4 14. Qxe4 Qxe4 15. Nxe4 Bxb2 16. Rab1 Bg7 17. Rfd1 d6 18. Nd2 Rfc8 19. Rbc1 a6 20. Rc2 Kf8 21. Rdc1 Ke8 22. Ne4 Rc6 23. Nc3 Bxc3 24. Rxc3 Rac8 25. Kf1 b5 26. Ke2 bxc4 27. bxc4 Rc5 28. Kd3 Ra5 29. R1c2 Kd7 30. Rb3 h5 31. h4 Ra4 32. g3 Rc5 33. a3 Ke6 34. Rcc3 Rc7 35. Rb4 Ra5 36. e4 Rac5 37. Rb6 Ra5 38. Kd4 Ra4 39. Rb4 Ra5 40. Rb6 Ra4 41. e5 Rd7 42. Re3 Kf5 43. exd6 exd6 44. Rf3+ Ke6 45. Re3+ Kf5 46. Kd5 Ra5+ 47. Kc6 Rd8 48. Kc7 Ra8 49. Kxd6 Rd8+ 50. Kc7 Rd4 51. Rc6 Kg4 52. c5 Rc4 53. Kb6 Raa4 54. Rc8 f5 55. c6 f4 56. Rb3 Rc1 57. c7 fxg3 58. fxg3 Rac4 59. Rb4 Kxg3 60. Rxc4 Rxc4 61. Rg8 1-0

[Event "11th LCC Super Blitz KO 2019"]
[Site "London"]
[Date "2019.12.08"]
[Round "3.2"]
[White "Beinoras, Mindaugas"]
[Black "Moussard, Jules"]
[Result "0-1"]
[ECO "A80"]
[WhiteElo "2350"]
[BlackElo "2598"]
[Annotator "ChessBase"]
[PlyCount "48"]
[EventDate "2019.12.08"]
[EventType "k.o."]
[EventCountry "ENG"]
[SourceTitle "playchess.com"]
[Source "ChessBase"]
[SourceQuality "1"]
[TimeControl "180+2"]

1. d4 f5 2. Bg5 h6 3. Bh4 g5 4. Bg3 Nf6 5. e3 d6 6. h4 g4 7. h5 Nc6 8. d5 Ne5 9. Ne2 c6 10. Nbc3 Bg7 11. Nf4 cxd5 12. Ncxd5 O-O 13. c4 Ne4 14. Bh4 Rf7 15. Bd3 Bd7 16. Rb1 Rc8 17. Qb3 Nc5 18. Qa3 Ncxd3+ 19. Nxd3 Nxc4 20. Qxa7 Bc6 21. N3b4 Ra8 22. Nxc6 bxc6 23. Nxe7+ Kh7 24. Nxc6 Qe8 0-1